 Dungeon Crawl Stone Soup version 0.18-a0-739-gdae9da8 (webtiles) character file.

28 cluie the Insei (level 2, -3/22 HPs)
             Began as a Demonspawn Transmuter on Dec 10, 2015.
             Slain by a giant gecko (5 damage)
             ... on level 3 of the Dungeon.
             The game lasted 00:01:59 (724 turns).

cluie the Insei (Demonspawn Transmuter)              Turns: 724, Time: 00:01:59

Health: -3/22      AC:  2    Str: 10    XL:     2   Next: 96%
Magic:  4/5        EV: 12    Int: 14    God:
Gold:   13         SH:  0    Dex: 13    Spells: 2 memorised, 2 levels left

rFire  . . .     SeeInvis .       - Unarmed
rCold  . . .     Clarity  .     b - +0 robe
rNeg   . . .     SustAt   .     (no shield)
rPois  .         Gourm    .     (no helmet)
rElec  .         Spirit   .     (no cloak)
rCorr  .         Dismiss  .     (no gloves)
rMut   .         Stasis   .     (no boots)
MR     .....                    (no amulet)
Stlth  +.........               (no ring)
                                (no ring)

@: not resistant to hostile enchantments, very unstealthy
A: hooves 1
a: no special abilities


You were on level 3 of the Dungeon.
You were not hungry.

You visited 1 branch of the dungeon, and saw 3 of its levels.

You collected 13 gold pieces.

Inventory:

Missiles
 a - 12 arrows
 e - 4 poisoned arrows
 k - 63 stones (quivered)
Armour
 b - a +0 robe (worn)
Scrolls
 g - a scroll of remove curse {unknown}
 h - a scroll of amnesia {unknown}
 i - a scroll of teleportation {unknown}
 l - a scroll of identify {unknown}
 m - a scroll of noise {unknown}
 o - a scroll of immolation {unknown}
Potions
 j - 2 potions of heal wounds {unknown}
 n - a potion of might {unknown}
Books
 c - a book of Changes

   Spells                             Type                      Level
   a - Beastly Appendage              Transmutation                1
   b - Sticks to Snakes               Transmutation                2
   c - Spider Form                    Transmutation/Poison         3
   d - Ice Form                       Ice/Transmutation            4
   e - Blade Hands                    Transmutation                5
Comestibles
 d - a bread ration
 f - 2 fruits
 p - 3 chunks of flesh


   Skills:
 * Level 1.8 Fighting
 + Level 2.1 Dodging
 * Level 3.2 Unarmed Combat
 - Level 2.0 Spellcasting
 - Level 1.7 Transmutations


You had 2 spell levels left.
You knew the following spells:

 Your Spells              Type           Power        Failure   Level  Hunger
a - Beastly Appendage     Trmt           #.....       14%         1    ##.....
b - Sticks to Snakes      Trmt           #.......     21%         2    ###....


Dungeon Overview and Level Annotations

Branches:
Dungeon (3/15)

Altars:
Gozag
Nemelex Xobeh
Pakellas
Trog


Innate Abilities, Weirdness & Mutations

You have large cloven feet.


Message History

The giant gecko bites you.
You barely miss the giant gecko. Your kick misses the giant gecko.
The giant gecko is lightly wounded.
The giant gecko bites you. The giant gecko barely misses you.
You hit the giant gecko.
The giant gecko is almost dead.
The giant gecko bites you.
* * * LOW HITPOINT WARNING * * *
You closely miss the giant gecko.
The giant gecko is almost dead.
The giant gecko bites you.
* * * LOW HITPOINT WARNING * * *
Unknown command.
You barely miss the giant gecko.
The giant gecko is almost dead.
The giant gecko bites you but does no damage.
You barely miss the giant gecko.
The giant gecko is severely wounded.
The giant gecko bites you.
You die...

#..........#
.#
#..........#
.#
#..........#
#....[.....#
#..........#
#..........#
#..........#
#......l[..#
########@#.#
#.#.# ###.#
.# ##


You could see a giant gecko.

Vanquished Creatures
  An adder (D:2)
  A worm (D:2)
  A bat (D:1)
  2 hobgoblins
  4 jackals (D:2)
  A quokka (D:3)
  A goblin (D:3)
  2 kobolds (D:1)
  3 rats
16 creatures vanquished.

Notes
Turn   | Place    | Note
--------------------------------------------------------------
     0 | D:1      | cluie the Demonspawn Transmuter began the quest for the Orb.
     0 | D:1      | Reached XP level 1. HP: 15/15 MP: 3/3
   184 | D:2      | Reached skill level 3 in Unarmed Combat
   184 | D:2      | Gained mutation: You have large cloven feet. [demonic ancestry]
   184 | D:2      | Reached XP level 2. HP: 21/21 MP: 3/5
   198 | D:3      | Found an oddly glowing altar of Pakellas.
   198 | D:3      | Found a bloodstained altar of Trog.
   422 | D:2      | Found an opulent altar of Gozag.
   423 | D:2      | Found a sparkling altar of Nemelex Xobeh.
   429 | D:2      | Learned a level 2 spell: Sticks to Snakes
   724 | D:3      | Slain by a giant gecko

Vault maps used:
D:1:      dpeg_arrival_orchard, serial_forest, infiniplex_forest_lined_corner,
          infiniplex_forest_clump_double, infiniplex_forest_clump_cross,
          infiniplex_forest_lined_room_2, infiniplex_forest_3_way,
          infiniplex_forest_clump_medium, infiniplex_forest_clump_medium
D:2:      grunt_temple_overflow_opulence, lemuel_round_altar,
          nicolae_overflow_hidden_temple, led_sif_pool
D:3:      kennysheep_six_static_rooms,
          grunt_temple_overflow_lords_of_destruction, lemuel_crystal_altar,
          overflow_temple_1_default, tso_metal_star

Action                   || total
-------------------------++-------
Melee: Unarmed           ||    55
Throw: Stone             ||     4
 Cast: Beastly Appendage ||    10
       Sticks to Snakes  ||     1
